 Dungeon Crawl Stone Soup version 0.24-a0-309-g1095bcad4c (webtiles) character file.

Game seed: 10032341252286696860

7742 EnegeticOcto the Covert (level 11, -3/62 HPs)
             Began as a Vine Stalker Monk on May 14, 2019.
             Was an Elder of Dithmenos.
             Slain by a spiny frog (6 damage)
             ... on level 2 of the Lair of Beasts.
             The game lasted 00:20:57 (9830 turns).

EnegeticOcto the Covert (Vine Stalker Monk)         Turns: 9830, Time: 00:20:57

Health: -3/62      AC:  8    Str: 13    XL:     11   Next: 20%
Magic:  0/15       EV: 12    Int: 13    God:    Dithmenos [****..]
Gold:   417        SH:  4    Dex: 18    Spells: 10/10 levels left

rFire    . . .     SeeInvis .   j - +1 short sword (vamp)
rCold    . . .     Gourm    .   B - +0 buckler
rNeg     . . .     Faith    .   b - +0 robe
rPois    .         Spirit   +   i - +1 helmet
rElec    .         Reflect  .   u - +2 cloak
rCorr    .         Harm     .   r - +0 pair of gloves
MR       +....                  (no boots)
Stlth    ++++++++..             q - amulet of magic regeneration
HPRegen  0.60/turn              (no ring)
MPRegen  0.39/turn              (no ring)

@: lethally poisoned (-3 -> -3), wreathed by umbra
A: fangs 3, regeneration 1, magic shield, antimagic bite, no potion heal 3, rot
immunity
a: Shadow Step, Renounce Religion


You were on level 2 of the Lair of Beasts.
You worshipped Dithmenos.
Dithmenos was greatly pleased with you.
You were not hungry.

You visited 2 branches of the dungeon, and saw 13 of its levels.

You collected 687 gold pieces.
You spent 270 gold pieces at shops.

Inventory:

Hand Weapons
 j - a +1 vampiric short sword (weapon)
Armour
 b - a +0 robe (worn)
 i - a +1 helmet (worn)
 r - a +0 pair of gloves (worn)
 u - a +2 cloak (worn)
 B - a +0 buckler (worn)
Jewellery
 o - an uncursed ring of fire
 q - an amulet of magic regeneration (around neck)
Wands
 x - a wand of polymorph (3)
 y - a wand of digging (4)
 D - a wand of acid (7)
Scrolls
 c - a scroll of enchant weapon
 f - a scroll of magic mapping {@r5 !r}
 g - 2 scrolls of amnesia
 k - 3 scrolls of teleportation {@r3 !r}
 l - a scroll of holy word
 n - 4 scrolls of remove curse {@r2}
 A - 2 scrolls of fog {!r}
Potions
 a - a potion of might {@q3 !q}
 d - a potion of mutation
 h - a potion of magic
 m - 2 potions of lignification {@q6}
 p - a potion of cancellation
 s - a potion of haste {@q4 !q}
 t - 4 potions of curing {@q1 !q}
 w - 2 potions of berserk rage
Miscellaneous
 v - a fan of gales
 z - a phial of floods (inert)
Comestibles
 e - 18 rations
 C - 3 chunks of flesh


   Skills:
 + Level 9.2 Fighting
 + Level 9.1 Short Blades
 - Level 2.4 Dodging
 + Level 12.2 Stealth
 + Level 0.8 Shields
 + Level 4.2 Invocations


You had 10 spell levels left.
You didn't know any spells.
Your spell library was empty.

Dungeon Overview and Level Annotations

Branches:
Dungeon (11/15)            Temple (0/1) D:5            Lair (2/6) D:9
    Orc (0/2) D:10
  Swamp: Lair:2-4    Shoals: Lair:2-4     Snake: Lair:2-4    Spider: Lair:2-4

Altars:
Dithmenos
Fedhas
Nemelex Xobeh
Vehumet

Shops:
D:9 !

Annotations:
D:3 2 transporters, D1HalberdGnoll's ghost, amateur DrAK
D:5 1 runed translucent door, exclusion: door, Crazy Yiuf
D:8 1 exclusion


Innate Abilities, Weirdness & Mutations

You have razor-sharp teeth.
Your natural rate of healing is unusually fast.
When hurt, damage is shared between your health and your magic reserves.
Your bite disrupts and absorbs the magic of your enemies.
Potions cannot restore your health.
You are immune to rotting.


Message History

You are struck by the porcupine's spines.
You hit the porcupine but do no damage. You bite the porcupine.
You kill the porcupine!
Dithmenos accepts your kill.
No target in view!
No target in view!
No target in view!
Magic restored.
HP restored.
You butcher the porcupine corpse.
C - 3 chunks of flesh (gained 1)
You see here a porcupine skeleton. x2
Found 14 stones.
You see here 14 stones.
A porcupine comes into view.
A porcupine is nearby!
You see here a wand of acid (10).
D - a wand of acid (10)
Found 4 curare-tipped darts.
The helpless porcupine fails to defend itself.
You stick the porcupine like a pincushion!!!
You kill the porcupine!
Dithmenos accepts your kill.
No target in view!
No target in view!
A spiny frog comes into view.
A spiny frog is nearby!
Found a scroll of teleportation.
The spiny frog croaks.
The spiny frog stings you!
You are poisoned.
The spiny frog poisons you!
You hit the spiny frog.
The spiny frog is lightly wounded.
Your shadow closely misses the spiny frog.
You feel sick. The spiny frog stings you.
You hit the spiny frog but do no damage.
You bite the spiny frog. You drain its power.
You feel invigorated.
The spiny frog is moderately wounded.
You feel sick.
You completely miss the spiny frog.
The spiny frog is moderately wounded.
You feel sick. The spiny frog stings you.
You hit the spiny frog but do no damage.
You bite the spiny frog, but do no damage.
The spiny frog is moderately wounded.
The spiny frog closely misses you.
You barely miss the spiny frog.
The spiny frog is lightly wounded.
You feel sick. The spiny frog barely misses you.
You closely miss the spiny frog. You bite the spiny frog. You drain its power.
The spiny frog is moderately wounded.
Your shadow closely misses the spiny frog.
A spiny frog comes into view.
The spiny frog closely misses you.
The spiny frog gives a loud, deep croak!
You hit the spiny frog but do no damage.
You bite the spiny frog, but do no damage.
The spiny frog is moderately wounded.
You feel sick.
You hit the spiny frog.
You feel better.
You bite the spiny frog. You drain its power.
The spiny frog is heavily wounded.
The spiny frog stings you. The spiny frog misses you.
You hit the spiny frog.
The spiny frog is heavily wounded.
You feel sick. The spiny frog stings you!!
You are too injured to fight recklessly!
Evoke which item? (* to show all) (? for menu, Esc to quit)
Aiming: Corrosive Bolt
Press: ? - help, Shift-Dir - straight line, f - spiny frog
Aim: a spiny frog (umbra)
The bolt of acid hits the spiny frog but does no damage.
The spiny frog barely misses you. The spiny frog stings you!
Evoke which item? (* to show all) (? for menu, Esc to quit)
Aiming: Corrosive Bolt
Press: ? - help, Shift-Dir - straight line, f/p - spiny frog
Aim: a spiny frog (umbra)
The bolt of acid hits the spiny frog!
The spiny frog is splashed with acid!
The acid corrodes the spiny frog!
The spiny frog is heavily wounded.
You feel sick. The spiny frog closely misses you. The spiny frog stings you!
* * * LOW HITPOINT WARNING * * *
The spiny frog misses you.
Evoke which item? (* to show all) (? for menu, Esc to quit)
Aiming: Corrosive Bolt
Press: ? - help, Shift-Dir - straight line, f/p - spiny frog
Aim: a spiny frog (heavily wounded, covered in acid, umbra)
The bolt of acid hits the spiny frog!
The spiny frog is splashed with acid.
The spiny frog seems to be corroded for longer.
The spiny frog is almost dead.
The spiny frog stings you!!
* * * LOW HITPOINT WARNING * * *
The spiny frog barely misses you. The spiny frog misses you.
Okay, then.
You hit the spiny frog.
You feel better.
You bite the spiny frog, but do no damage.
The spiny frog is almost dead.
You feel sick. The spiny frog stings you.
You die...

#....## ##...##
#.....# #P...##
#.....# ##..(.#
. # #....###P..
#.#..
##.........
.....
#F@.......
.....
......F........
.....
...........##..
.#...
≈≈≈?≈≈≈..P## .
#....
≈≈≈.≈≈≈≈..#
##..
≈##+##≈≈≈.# .
##≈≈## #≈≈#


You could see 2 spiny frogs.

Vanquished Creatures
  A two-headed ogre (D:10)
  Pikel (D:5)
  A komodo dragon (Lair:1)
  A troll (D:9)
  3 hippogriffs
  Sigmund (D:5)
  A wyvern (Lair:1)
  4 yaks
  Eustachio (D:4)
  Grum (D:8)
  Menkaure (D:4)
  A swamp worm (D:9)
  Duvessa (D:5)
  A water moccasin (Lair:1)
  5 porcupines
  A necrophage (D:7)
  5 ogres
  3 orc warriors
  3 ice beasts
  A phantom (D:5)
  3 wolves (D:8)
  A crocodile (Lair:1)
  2 centaurs
  Blork the orc (D:6)
  A big kobold (D:8)
  4 bullfrogs
  Dowan (D:5)
  5 scorpions
  A wyvern skeleton (D:8)
  5 killer bees (D:9)
  3 wights (D:10)
  3 bullfrog zombies
  2 crimson imps
  4 hounds
  7 orc wizards
  2 bullfrog skeletons
  2 orc priests
  3 iguanas
  A worker ant (D:8)
  A killer bee zombie (D:7)
  A hound zombie (D:2)
  Robin (D:4)
  11 adders
  A shadow imp (D:9)
  5 oozes
  2 adder skeletons
  3 worms
  2 leopard geckos
  30 orcs
  2 ball pythons (D:1)
  4 bats
  2 giant cockroaches
  15 goblins
  11 hobgoblins
  3 jackals (D:3)
  5 quokkas
  3 frilled lizards
  14 kobolds
  A leopard gecko skeleton (D:8)
  A quokka skeleton (D:4)
  9 rats
215 creatures vanquished.

Vanquished Creatures (others)
  2 slaves (D:5)
  A jelly (D:5)
  2 adders (D:5)
  2 orcs (D:5)
  7 plants
14 creatures vanquished.

Grand Total: 229 creatures vanquished

Notes
Turn   | Place    | Note
-------+----------+-------------------------------------------
     0 | D:1      | EnegeticOcto the Vine Stalker Monk began the quest for the
                  | Orb.
     0 | D:1      | Reached XP level 1. HP: 11/11 MP: 2/2
    17 | D:1      | Reached XP level 2. HP: 15/16 MP: 3/3
   193 | D:1      | Reached skill level 3 in Stealth
   265 | D:1      | Reached XP level 3. HP: 14/20 MP: 2/4
  1435 | D:2      | Gained mutation: Your natural rate of healing is unusually
                  | fast. [Vine Stalker growth]
  1435 | D:2      | Reached XP level 4. HP: 22/24 MP: 3/5
  1813 | D:2      | Reached skill level 4 in Stealth
  2123 | D:2      | Reached XP level 5. HP: 29/29 MP: 4/6
  2234 | D:3      | Found a transporter.
  2244 | D:3      | Noticed D1HalberdGnoll's ghost (amateur DrAK)
  2295 | D:3      | Found a transporter.
  2679 | D:3      | Found a shadowy altar of Dithmenos.
  2745 | D:3      | Became a worshipper of Dithmenos the Shadowed
  2745 | D:3      | Reached * piety under Dithmenos
  2745 | D:3      | Reached ** piety under Dithmenos
  2960 | D:4      | Reached XP level 6. HP: 28/33 MP: 5/7
  2996 | D:4      | Reached skill level 5 in Stealth
  3214 | D:4      | Noticed Eustachio
  3269 | D:4      | Killed Eustachio
  3269 | D:4      | Reached XP level 7. HP: 21/38 MP: 4/8
  3440 | D:4      | Found a sparkling altar of Nemelex Xobeh.
  3561 | D:4      | Noticed Menkaure
  3566 | D:4      | Killed Menkaure
  3566 | D:4      | Reached skill level 6 in Stealth
  3582 | D:4      | Noticed Robin
  3618 | D:4      | Killed Robin
  3706 | D:4      | You fall through a shaft!
  3706 | D:5      | Entered Level 5 of the Dungeon
  3788 | D:4      | Reached skill level 5 in Fighting
  3788 | D:4      | Reached skill level 5 in Short Blades
  3898 | D:5      | Noticed Pikel
  3962 | D:5      | Killed Pikel
  3962 | D:5      | Reached skill level 7 in Stealth
  3962 | D:5      | Gained mutation: You have razor-sharp teeth. [Vine Stalker
                  | growth]
  3962 | D:5      | Reached XP level 8. HP: 15/44 MP: 3/9
  4077 | D:5      | Reached skill level 8 in Stealth
  4220 | D:5      | Noticed Dowan
  4228 | D:5      | Noticed Duvessa
  4246 | D:5      | Killed Duvessa
  4259 | D:5      | Killed Dowan
  4398 | D:5      | Found a staircase to the Ecumenical Temple.
  4406 | D:5      | Noticed Sigmund
  4454 | D:5      | Killed Sigmund
  4454 | D:5      | Reached XP level 9. HP: 39/49 MP: 7/10
  4558 | D:5      | Found a runed translucent door.
  4559 | D:5      | Noticed Crazy Yiuf
  4612 | D:6      | Reached skill level 9 in Stealth
  4994 | D:6      | Noticed Blork the orc
  5000 | D:6      | Killed Blork the orc
  5114 | D:6      | Reached *** piety under Dithmenos
  5681 | D:7      | Reached skill level 10 in Stealth
  6311 | D:8      | Noticed Grum
  6376 | D:8      | Killed Grum
  6499 | D:8      | Reached XP level 10. HP: 45/56 MP: 9/11
  6888 | D:9      | Found a staircase to the Lair.
  6905 | D:9      | Found Zuokuwk's Distillery.
  6989 | D:9      | Reached **** piety under Dithmenos
  7054 | D:9      | Bought a potion of cancellation for 120 gold pieces
  7054 | D:9      | Bought a potion of haste for 150 gold pieces
  7103 | D:9      | Noticed a two-headed ogre
  7106 | D:9      | Noticed a deep troll
  7106 | D:9      | a two-headed ogre changed into a deep troll
  7107 | D:9      | a deep troll changed into a swamp worm
  7124 | D:9      | Reached skill level 11 in Stealth
  7377 | D:9      | Reached skill level 1 in Invocations
  7385 | D:9      | Found a blossoming altar of Fedhas.
  7494 | D:9      | Found a radiant altar of Vehumet.
  7682 | D:10     | Entered Level 10 of the Dungeon
  7980 | D:10     | Noticed a two-headed ogre
  8068 | D:10     | Found a staircase to the Orcish Mines.
  8249 | D:10     | Killed a two-headed ogre
  8736 | D:11     | Noticed a cyan ugly thing
  8760 | D:10     | Reached XP level 11. HP: 51/62 MP: 14/14
  8822 | Lair:1   | Entered Level 1 of the Lair of Beasts
  8911 | Lair:1   | Reached skill level 12 in Stealth
  9829 | Lair:2   | HP: 2/62 [spiny frog (13)]
  9830 | Lair:2   | Slain by a spiny frog

Levels and vault maps discovered:
D:1:      onia_arrival_handbag, layout_basic, serial_bayou, serial_bayou_pond_d,
          serial_bayou_pond_d, serial_bayou_pond_c, serial_bayou_lagoon_a,
          st_stairs_11
D:2:      layout_basic
D:3:      layout_rooms, lemuel_round_altar, gammafunk_ghost_gnarly_gnolls
D:4:      layout_basic, first_ration, nemelex_lonely_heart_becter, uniq_robin,
          uniq_eustachio, uniq_menkaure
D:5:      layout_rooms, minmay_temple_entry_wispy, uniq_sigmund, uniq_pikel,
          uniq_crazy_yiuf_cottage, uniq_duvessa
D:6:      layout_loops_ring, uniq_blork_the_orc
D:7:      layout_basic
D:8:      layout_rooms, hangedman_ranch [blue_anna_fruit_fields], uniq_grum
D:9:      layout_rooms, lair_entry_dummy, serial_shops, shop,
          hangedman_decor_points, grunt_decor_fettered, kennysheep_flooded_box,
          fedhas_altar_4
D:10:     layout_irregular_city, orc_0_dummy
D:11:     layout_cave_pools, uniq_snorg
Lair:1:   layout_chaotic_city, eino_small_chamber_without_monster, minmay_holes,
          lemuel_fruit_tree
Lair:2:   layout_long_grid, minmay_shoals_entry_hut

Skill      XL: |  1  2  3  4  5  6  7  8  9 10 11 |
---------------+----------------------------------+-----
Short Blades   | 3 4 5 6 7 8 9 |  9.1
Fighting       | 3 4 5 6 7 9 |  9.2
Stealth        | 3 4 5 7 8 10 11 12 | 12.2
Invocations    | 3 4 |  4.2
Dodging        | |  2.4
Shields        | |  0.8

Action                   |  1- 3 |  4- 6 |  7- 9 | 10-12 || total
-------------------------+-------+-------+-------+-------++-------
Melee: Short sword       |   102 |   253 |   305 |   420 ||  1080
       Bite              |    29 |    81 |    90 |   138 ||   338
Evoke: Wand              |       |       |     5 |    14 ||    19
       Phial of floods   |       |       |       |     1 ||     1
  Use: Scroll            |       |       |     9 |    12 ||    21
       Potion            |       |       |       |     1 ||     1
 Stab: Sleeping          |     1 |     8 |    18 |    24 ||    51
       Confused          |       |       |     4 |       ||     4
       Distracted        |       |       |     1 |     1 ||     2
  Eat: Chunk             |     1 |     5 |    10 |     8 ||    24
       Ration            |       |     2 |       |     1 ||     3
Armor: Robe              |    20 |    22 |    32 |    47 ||   121
       Skin              |       |       |       |    44 ||    44
Dodge: Dodged            |    60 |   142 |   197 |   199 ||   598
Block: Buckler           |       |       |       |     3 ||     3

Table legend:
 A = Non-vault XP
 B = Vault XP
 C = Vault XP percentage of total XP
 D = Non-vault monster count
 E = Vault monster count
 F = Vault count percentage of total count
                 A         B        C        D         E       F
            +---------+---------+-------+---------+---------+-------
      Total |    8853 |    2208 |  20.0 |     184 |      32 |  14.8
            +---------+---------+-------+---------+---------+-------
        D:1 |      32 |      34 |  51.5 |      22 |       8 |  26.7
        D:2 |     106 |       0 |   0.0 |      24 |       0 |   0.0
        D:3 |     126 |       0 |   0.0 |      23 |       0 |   0.0
        D:4 |     301 |     401 |  57.1 |      11 |      14 |  56.0
        D:5 |     472 |    1035 |  68.7 |      12 |       4 |  25.0
        D:6 |     652 |     102 |  13.5 |       8 |       1 |  11.1
        D:7 |     721 |       0 |   0.0 |      15 |       0 |   0.0
        D:8 |     526 |     636 |  54.7 |      11 |       5 |  31.2
        D:9 |    1333 |       0 |   0.0 |      24 |       0 |   0.0
       D:10 |    2823 |       0 |   0.0 |      24 |       0 |   0.0
     Lair:1 |    1479 |       0 |   0.0 |       8 |       0 |   0.0
     Lair:2 |     282 |       0 |   0.0 |       2 |       0 |   0.0
            +---------+---------+-------+---------+---------+-------
